 Dungeon Crawl Stone Soup version 0.31-a0-175-g9f7f995f2b (console) character file.

Game seed: 12187559594824548850

877 jejorda2 the Trooper (level 7, -13/63 HPs)
             Began as a Yellow Draconian Berserker on June 16, 2023.
             Was a Follower of Lugonu.
             Mangled by a gnoll sergeant
             ... wielding a +1 trident of distortion
              (14 damage)
             ... on level 6 of the Dungeon.
             The game lasted 00:13:13 (4425 turns).

jejorda2 the Trooper (Yellow Draconian Berserker)   Turns: 4425, Time: 00:13:14

Health: -13/63     AC: 10    Str: 20    XL:     7   Next: 75%
Magic:  7/7        EV: 12    Int:  7    God:    Lugonu [*.....]
Gold:   163        SH:  0    Dex: 12    Spells: 6/6 levels left

rFire   . . .        a - +1 longbow
rCold   . . .        (shield currently unavailable)
rNeg    . . .        (body armour unavailable)
rPois   .            (helmet restricted)
rElec   .            (no cloak)
rCorr   +            (no gloves)
SInv    .            (no boots)
Will    .....        (no amulet)
Stlth   +            h - +4 ring of protection
HPRegen 0.30/turn    (no ring)
MPRegen 0.10/turn

%: no passive effects
@: mighty
A: spit acid, AC +6, unfitting armour, cold-blooded, acid resistance
a: Breathe Acid, Renounce Religion, Depart the Abyss


You were on level 6 of the Dungeon.
You worshipped Lugonu.
Lugonu was aware of your devotion.
You visited 1 branch of the dungeon, and saw 6 of its levels.
You visited the Abyss 1 time.

You collected 163 gold pieces.

Inventory:

Hand Weapons
 a - a +1 longbow (weapon)
 b - a +0 long sword
 v - a +0 dagger of electrocution
Missiles
 e - 41 stones
 l - a throwing net
 m - 2 boomerangs
 t - 6 javelins
Jewellery
 h - a +4 ring of protection (left hand)
Wands
 c - a wand of flame (24)
Scrolls
 p - a scroll of enchant weapon
 u - a scroll of poison
Potions
 d - a potion of enlightenment {unknown}
 g - a potion of might
 k - a potion of ambrosia {unknown}
 n - a potion of invisibility {unknown}


   Skills:
 - Level 6.0 Fighting
 - Level 4.8 Long Blades
 + Level 5.7 Ranged Weapons
 - Level 2.6 Dodging


You had 6 spell levels left.
You didn't know any spells.
Your spell library was empty.

Dungeon Overview and Level Annotations

Branches:
Dungeon (6/15)             Temple (0/1) D:4

Altars:
Nemelex Xobeh

Annotations:
D:5 2 runed translucent doors, Crazy Yiuf; IYTBazzie's ghost, novice VSAE


Innate Abilities, Weirdness & Mutations

You can spit globs of acid.
Your golden yellow scales are hard. (AC +6)
You cannot fit into any form of body armour.
You are cold-blooded and may be slowed by cold attacks.
You are resistant to acid. (rCorr)


Message History

Unknown command.
Fire: a) +1 longbow
Press: ? - help, Q - select action, (/) - cycle Shift-Dir - straight line, f/p - gnoll sergeant
Aim: a gnoll sergeant, wielding a +1 trident of distortion and wearing a +0 scale mail (heavily wounded, 69% to hit)
You shoot an arrow.
The arrow hits the gnoll sergeant but does no damage.
The gnoll sergeant is heavily wounded.
The gnoll sergeant closely misses you.
Unknown command.
Fire: a) +1 longbow
Press: ? - help, Q - select action, (/) - cycle Shift-Dir - straight line, f/p - gnoll sergeant
Aim: a gnoll sergeant, wielding a +1 trident of distortion and wearing a +0 scale mail (heavily wounded, 69% to hit)
You shoot an arrow. The arrow hits the gnoll sergeant.
The gnoll sergeant is severely wounded.
The gnoll sergeant hits you with a +1 trident of distortion.
Space warps around you.
* * * LOW HITPOINT WARNING * * *
The gnoll sergeant hits you but does no damage.
Space warps horribly around you!
* * * LOW HITPOINT WARNING * * *
Fire: a) +1 longbow
Press: ? - help, Q - select action, (/) - cycle Shift-Dir - straight line, f/p - gnoll sergeant
Aim: a gnoll sergeant, wielding a +1 trident of distortion and wearing a +0 scale mail (severely wounded, 69% to hit)
You shoot an arrow.
The arrow hits the gnoll sergeant but does no damage.
The gnoll sergeant is severely wounded.
The gnoll sergeant hits you but does no damage.
You resist the pull of the Abyss.
Unknown command.
Fire: a) +1 longbow
Press: ? - help, Q - select action, (/) - cycle Shift-Dir - straight line, f/p - gnoll sergeant
Aim: a gnoll sergeant, wielding a +1 trident of distortion and wearing a +0 scale mail (severely wounded, 69% to hit)
You shoot an arrow.
The arrow hits the gnoll sergeant but does no damage.
The gnoll sergeant is severely wounded.
The gnoll sergeant closely misses you.
The gnoll sergeant hits you with a +1 trident of distortion.
* * * LOW HITPOINT WARNING * * *
Space warps horribly around you!
You die...

#### ## .... .. #..##.#
#..#..# # #..#..#.# ####
#..#...
....o##..#.#########.###
..)....>...).o{g@......#
...o##.##.#############
. #.##.# #.##.# #.##..
#.##.# #.##.# #.##.# #.#


You could see a gnoll sergeant and an orc.

Vanquished Creatures
  An ogre (D:5)
  2 scorpions
  3 wights
  A howler monkey (D:5)
  A jelly (D:4)
  An orc priest (D:5)
  An iguana (D:4)
  A sleepcap (D:5)
  Ijyb (D:5)
  4 orc wizards
  Robin (D:2)
  4 gnolls (D:4)
  5 adders
  An ufetubus (D:5)
  A worm (D:2)
  3 dart slugs (D:1)
  15 orcs
  6 endoplasms
  6 giant cockroaches
  14 goblins
  9 hobgoblins
  3 quokkas
  4 ball pythons
  6 bats
  2 frilled lizards
  7 kobolds
  7 rats
110 creatures vanquished.

Notes
Turn   | Place    | Note
-------+----------+-------------------------------------------
     0 | D:1      | jejorda2 the Draconian Berserker began the quest for the
                  | Orb.
     0 | D:1      | Reached XP level 1. HP: 19/19 MP: 1/1
   114 | D:1      | Reached XP level 2. HP: 26/26 MP: 2/2
   469 | D:1      | Reached ** piety under Trog
   470 | D:1      | Reached XP level 3. HP: 28/33 MP: 3/3
   909 | D:2      | Reached skill level 4 in Fighting
   965 | D:2      | Noticed Robin
   977 | D:2      | Reached XP level 4. HP: 40/40 MP: 4/4
   989 | D:2      | Killed Robin
  1550 | D:3      | Found a sparkling altar of Nemelex Xobeh.
  2203 | D:4      | Reached skill level 1 in Ranged Weapons
  2203 | D:4      | Reached XP level 5. HP: 43/47 MP: 5/5
  2207 | D:4      | Reached skill level 5 in Fighting
  2213 | D:3      | Reached XP level 6. HP: 30/56 MP: 6/6
  2575 | D:4      | Reached *** piety under Trog
  2986 | D:4      | Found a staircase to the Ecumenical Temple.
  3069 | D:5      | Entered Level 5 of the Dungeon
  3143 | D:5      | Reached skill level 6 in Fighting
  3158 | D:5      | Your scales start taking on a golden yellow colour.
  3158 | D:5      | Reached XP level 7. HP: 39/63 MP: 7/7
  3158 | D:5      | Gained mutation: You are resistant to acid. (rCorr) [Yellow
                  | Draconian growth]
  3320 | D:5      | Found a runed translucent door.
  3321 | D:5      | Noticed Crazy Yiuf
  3342 | D:5      | Noticed Ijyb
  3368 | D:5      | Killed Ijyb
  3385 | D:5      | Reached skill level 5 in Ranged Weapons
  3662 | D:5      | Found a runed translucent door.
  3794 | D:5      | Noticed IYTBazzie's ghost (novice VSAE)
  4350 | Abyss:1  | Found a corrupted altar of Lugonu.
  4350 | Abyss:1  | Cast into level 1 of the Abyss (gnoll sergeant)
  4358 | Abyss:1  | Fell from the grace of Trog
  4358 | Abyss:1  | Became a worshipper of Lugonu the Unformed
  4358 | Abyss:1  | Reached * piety under Lugonu
  4358 | Abyss:1  | Reached ** piety under Lugonu
  4416 | D:6      | Escaped the Abyss
  4425 | D:6      | HP: 1/63 [gnoll sergeant/+1 trident of distortion (5)]
  4425 | D:6      | Mangled by a gnoll sergeant

Illustrated notes

Levels and vault maps discovered:
D:1:      doesnt_arrival_eight_statues, layout_rooms
D:2:      layout_rooms, uniq_robin
D:3:      layout_basic, nemelex_altar_shiori
D:4:      layout_basic, minmay_temple_entry_fiery
D:5:      layout_cave_pools, ebering_ghost_sewer_d, nicolae_sextant,
          water_maze_lemuel, uniq_crazy_yiuf_cottage, uniq_ijyb
D:6:      layout_basic, mainiacjoe_overflow_surrounded_room,
          nicolae_overflow_crystal_walls, minmay_microvault

Skill      XL: |  1  2  3  4  5  6  7 |
---------------+----------------------+-----
Long Blades    | 4 |  4.8
Fighting       | 4 5 6 |  6.0
Ranged Weapons | 1 2 4 5 |  5.7
Dodging        | |  2.6

Action                     |  1- 3 |  4- 6 |  7- 9 || total
---------------------------+-------+-------+-------++-------
  Melee: Falchion          |    80 |       |       ||    80
         Tailslap          |     8 |     6 |     1 ||    15
         Dagger            |    35 |    64 |       ||    99
         Punch             |       |     1 |       ||     1
         Long sword        |       |     7 |     5 ||    12
   Fire: Longbow           |       |    78 |    85 ||   163
 Invoke: Berserk           |     3 |     1 |     1 ||     5
         Trog's Hand       |     2 |     1 |     2 ||     5
         Depart the Abyss  |       |       |     1 ||     1
Ability: Breathe Acid      |       |       |     1 ||     1
    Use: Scroll            |       |       |    11 ||    11
         Potion            |       |       |     3 ||     3
   Stab: Sleeping          |       |     1 |       ||     1
 Armour: Skin              |    49 |    50 |    41 ||   140
  Dodge: Dodged            |    66 |    55 |    54 ||   175

Table legend: (Time is in decaauts)
 A = Elapsed time spent in this place.
 B = Non-inter-level travel time spent in this place.
 C = Inter-level travel time spent in this place.
 D = Time resting spent in this place.
 E = Time spent auto-exploring this place.
 F = Levels seen in this place.
 G = Mean time per level.
                   A        B        C        D        E       F      G
               +--------+--------+--------+--------+--------+-----+--------+
         Total |   4552 |   4334 |    218 |    363 |   3189 |   7 |  650.3 |
       Dungeon |   4486 |   4268 |    218 |    306 |   3189 |   6 |  747.7 |
         Abyss |     66 |     66 |      0 |     57 |      0 |   1 |   66.0 |
               +--------+--------+--------+--------+--------+-----+--------+

Top non-repeatable levels by time:
     D:5: 1067 daAuts
     D:3: 1015 daAuts
     D:4: 824 daAuts
     D:2: 666 daAuts
     D:1: 630 daAuts
     D:6: 283 daAuts
 Abyss:1: 66 daAuts
